 Dungeon Crawl Stone Soup version 0.30-a0-845-g7c6808c8ce (webtiles) character file.

Game seed: 14895909948583970689

92 cheesebisquit the Chopper (level 4, -4/41 HPs)
             Began as a Hill Orc Fighter on Mar 2, 2023.
             Slain by an orc
             ... wielding a +0 flail
              (6 damage)
             ... on level 2 of the Dungeon.
             The game lasted 00:02:56 (791 turns).

cheesebisquit the Chopper (Hill Orc Fighter)         Turns: 791, Time: 00:02:57

Health: -4/41      AC:  7    Str: 20    XL:     4   Next: 60%
Magic:  4/4        EV:  9    Int:  8    God:
Gold:   104        SH:  0    Dex: 10    Spells: 3/3 levels left

rFire   . . .      SeeInvis .    a - +0 war axe
rCold   . . .      Faith    .    c - +0 buckler
rNeg    . . .      Spirit   .    b - +0 scale mail
rPois   .          Reflect  .    (no helmet)
rElec   .          Rampage  .    (no cloak)
rCorr   .                        (no gloves)
Will    .....                    (no boots) Stlth
                                 (no amulet)
HPRegen 0.26/turn                (no ring)
MPRegen 0.09/turn                (no ring)

@: confused, mighty
A: no striking features
a: no special abilities


You were on level 2 of the Dungeon.
You visited 1 branch of the dungeon, and saw 2 of its levels.

You collected 104 gold pieces.

Inventory:

Hand Weapons
 a - a +0 war axe (weapon)
Armour
 b - a +0 scale mail (worn)
 c - a +0 buckler (worn)
Jewellery
 h - an amulet of faith
Scrolls
 e - a scroll of summoning {unknown}
 g - 3 scrolls of identify {unknown}
 i - a scroll of brand weapon {unknown}
 j - a scroll of teleportation {unknown}
 k - a scroll of immolation {unknown}
Potions
 f - 2 potions of flight {unknown}


   Skills:
 + Level 4.3 Fighting
 * Level 4.4 Axes
 + Level 3.9 Armour
 + Level 3.8 Shields


You had 3 spell levels left.
You didn't know any spells.
Your spell library contained the following spells:

 Spells                   Type           Power      Damage    Failure   Level
 Magic Dart               Conj           0%         1d3       85%         1
 Searing Ray              Conj           0%         2d4       94%         2
 Fulminant Prism          Conj/Hex       0%         3d5       100%        4


Dungeon Overview and Level Annotations

Branches:
Dungeon (2/15)

Altars:

Shops:
D:1 *

Annotations:
D:2 Robin


Message History

You closely miss something. The orc barely misses you.
Something hits you but does no damage.
You barely miss the orc.
The orc is moderately wounded.
You closely miss something.
You hear some strange, mumbled words.
A puff of flame appears from out of thin air!
The puff of flame hits you! The orc hits you but does no damage.
You block the orc's attack. You block something's attack.
You closely miss the orc.
The orc is moderately wounded.
You barely miss something.
You hear some strange, mumbled words.
A puff of flame appears from out of thin air!
The puff of flame misses you. The orc barely misses you.
You hit the orc.
The orc is severely wounded.
You miss something. Something hits you. The orc hits you with a +0 flail.
You feel very mighty all of a sudden. Something hits you but does no damage.
The orc closely misses you.
You barely miss the orc.
The orc is severely wounded.
You miss something.
You hear some strange, mumbled words.
A magic dart appears from out of thin air!
The magic dart hits you.
* * * LOW HITPOINT WARNING * * *
The orc hits you with a +0 flail.
* * * LOW HITPOINT WARNING * * *
You hear some strange, mumbled words.
You are confused.
The orc hits you with a +0 flail.
* * * LOW HITPOINT WARNING * * *
You miss the orc.
The orc is severely wounded.
You slash something!
Reactivating autopickup.
You feel a bit more experienced. The orc hits you but does no damage.
The orc hits you with a +0 flail.
You die...

#....#... ....#########
#........ ..>.........
#.....#.. ...........#
#...##### ...........#
#...## # ........#
##....### .....###
#.......## .# #)o...#
#.##...... ..# #@)...#
#.##..#..# #... #.....#
#.##..##..
#..###.######.#...##..
##.....# #...#.#.....
####......# #.###.####..
#.........# #.# #. #....
#.........####.###.##.#..
#.......[................
#.......#....####........


You could see an orc.

Vanquished Creatures
  An orc wizard (D:2)
  A gnoll (D:1)
  An adder (D:2)
  3 dart slugs
  2 orcs (D:2)
  3 ball pythons
  4 bats (D:2)
  2 endoplasms (D:2)
  A giant cockroach (D:1)
  4 hobgoblins
  2 jackals (D:1)
  3 quokkas
  2 frilled lizards (D:1)
  6 goblins
  A kobold (D:1)
  3 rats
39 creatures vanquished.

Notes
Turn   | Place    | Note
-------+----------+-------------------------------------------
     0 | D:1      | cheesebisquit the Hill Orc Fighter began the quest for the
                  | Orb.
     0 | D:1      | Reached XP level 1. HP: 19/19 MP: 1/1
   100 | D:1      | Found Qoyhucve's Assorted Antiques.
   118 | D:1      | Reached XP level 2. HP: 27/27 MP: 2/2
   306 | D:1      | Reached XP level 3. HP: 33/33 MP: 3/3
   534 | D:2      | Noticed Robin
   688 | D:2      | Reached XP level 4. HP: 40/40 MP: 4/4
   789 | D:2      | HP: 2/40 [orc/+0 flail (3)]
   791 | D:2      | Slain by an orc

Illustrated notes

Levels and vault maps discovered:
D:1:      shiori_arrival_oz, layout_rooms, serial_shops, shop_statue,
          nrook_mini_vaults, chequers_jeans
D:2:      layout_rooms, shapermc_ecumenical_altar_notcrosses, minmay_between,
          uniq_natasha, uniq_robin, uniq_crazy_yiuf_cottage

Skill      XL: |  1  2  3 |
---------------+----------+-----
Axes           | 3 4 |  4.4
Fighting       | 4 |  4.3
Armour         | |  3.9
Shields        | |  3.8

Action                     |  1- 3 |  4- 6 || total
---------------------------+-------+-------++-------
  Melee: War axe           |    71 |    26 ||    97
    Use: Potion            |       |     1 ||     1
 Armour: Scale mail        |    35 |    21 ||    56
  Dodge: Dodged            |    37 |    17 ||    54
  Block: Buckler           |    18 |     5 ||    23

Table legend: (Time is in decaauts)
 A = Elapsed time spent in this place.
 B = Non-inter-level travel time spent in this place.
 C = Inter-level travel time spent in this place.
 D = Time resting spent in this place.
 E = Time spent auto-exploring this place.
 F = Levels seen in this place.
 G = Mean time per level.
                   A        B        C        D        E       F      G
               +--------+--------+--------+--------+--------+-----+--------+
         Total |    826 |    768 |     58 |     21 |    501 |   2 |  413.0 |
       Dungeon |    826 |    768 |     58 |     21 |    501 |   2 |  413.0 |
               +--------+--------+--------+--------+--------+-----+--------+

Top non-repeatable levels by time:
     D:1: 550 daAuts
     D:2: 275 daAuts
